 Dungeon Crawl Stone Soup version 0.30-a0-879-ga8ba668304 (webtiles) character file.

Game seed: 18275570501607777717

1510 M4edhros the Ducker (level 8, 0/54 HPs)
             Began as an Octopode Artificer on Mar 14, 2023.
             Was a Believer of Cheibriados.
             Succumbed to a water moccasin's poison
             ... on level 6 of the Dungeon.
             The game lasted 00:09:41 (2379 turns).

M4edhros the Ducker (Octopode Artificer)            Turns: 2379, Time: 00:09:43

Health: 0/54       AC:  3    Str: 16    XL:     8   Next: 83%
Magic:  20/20      EV: 15    Int: 17    God:    Cheibriados [**....]
Gold:   178        SH:  0    Dex: 18    Spells: 6/12 levels left

rFire   . . .      SeeInvis .      - Unarmed
rCold   . . .      Faith    .    (no shield)
rNeg    . . .      Spirit   .    s - +2 hat
rPois   .          Reflect  .    x - amulet of magic regeneration
rElec   .          Rampage  .    a - ring of wizardry
rCorr   .                        w - ring of magical power
Will    .....                    (no ring)
Stlth   +++                      (no ring)
HPRegen 0.29/turn                (no ring)
MPRegen 0.57/turn                (no ring)
                                 (no ring)
                                 (no ring)

@: lethally poisoned (0 -> -1), very slightly contaminated, very slow
A: almost no armour, amphibious, 8 rings, camouflage 1, gelatinous body 1,
(nimble swimmer 1), tentacles
a: Renounce Religion, Bend Time


You were on level 6 of the Dungeon.
You worshipped Cheibriados.
Cheibriados was pleased with you.
You visited 2 branches of the dungeon, and saw 7 of its levels.

You collected 178 gold pieces.

Inventory:

Missiles
 k - 13 poisoned darts
Armour
 e - a +1 hat
 s - a +2 hat (worn)
Jewellery
 a - a ring of wizardry (left tentacle)
 j - a ring of ice
 w - a ring of magical power (right tentacle)
 x - an amulet of magic regeneration (around mantle)
Wands
 b - a wand of flame (4) (quivered)
 c - a wand of charming (7)
 d - a wand of iceblast (5)
Scrolls
 m - a scroll of silence
 q - 2 scrolls of fog
 t - 2 scrolls of immolation
Potions
 f - a potion of might
 g - a potion of degeneration {unknown}
 h - 3 potions of lignification {unknown}
 i - a potion of heal wounds
 l - a potion of haste {unknown}
 n - 2 potions of curing
 o - 2 potions of attraction
 r - a potion of brilliance {unknown}
 u - a potion of invisibility {unknown}
 z - a potion of cancellation {unknown}
Miscellaneous
 v - a lightning rod (2/4)


   Skills:
 + Level 4.3 Fighting
 + Level 5.0 Dodging
 - Level 1.3 Stealth
 * Level 4.6 Unarmed Combat
 * Level 2.6 Spellcasting
 * Level 2.9 Summonings
 * Level 4.4 Transmutations
 + Level 3.1 Poison Magic
 - Level 3.2 Evocations


You had 6 spell levels left.
You knew the following spells:

 Your Spells              Type           Power      Damage    Failure   Level
a - Spider Form           Tmut/Pois      15%        N/A       4%          3
b - Call Canine Familiar  Summ           12%        N/A       7%          3

Your spell library contained the following spells:

 Spells                   Type           Power      Damage    Failure   Level
 Beastly Appendage        Tmut           34%        N/A       1%          1
 Wereblood                Tmut           17%        N/A       1%          2
 Summon Small Mammal      Summ           48%        N/A       2%          1
 Summon Guardian Golem    Hex/Summ       7%         N/A       12%         3
 Freezing Cloud           Conj/Ice/Air   1%         6-21      87%         5
 Simulacrum               Ice/Necr       1%         N/A       100%        6
 Polar Vortex             Ice            1%         N/A       100%        9


Dungeon Overview and Level Annotations

Branches:
Dungeon (6/15)             Temple (1/1) D:4

Altars:
Cheibriados
Dithmenos
Kikubaaqudgha
Makhleb
Qazlal
Ru
Sif Muna
Trog
Wu Jian
Yredelemnul
The Shining One

Annotations:
D:2 Natasha


Innate Abilities, Weirdness & Mutations

You cannot wear most types of armour.
You are amphibious.
You can wear up to eight rings at the same time.
Your skin changes colour to match your surroundings (Stealth+).
Your rubbery body absorbs attacks. (AC +1, EV +1)
((You are camouflaged when in or above water. (Stealth+)))
You have tentacles for arms and can constrict up to eight enemies at once.


Message History

Okay, then.
Okay, then.
Okay, then.
Okay, then.
Casting: Spider Form (dangerous; 12% risk of failure)
Confirm with . or Enter, or press ? or * to list all spells.
Okay, then.
Aiming: Thunderbolt
Press: ? - help, Shift-Dir - straight line, f - you That would be overly suicidal.
Okay, then.
Unknown command.
Aiming: Thunderbolt
Press: ? - help, Shift-Dir - straight line, f - you
Okay, then.
Casting: Spider Form (dangerous; 12% risk of failure)
Confirm with . or Enter, or press ? or * to list all spells.
Okay, then.
Casting: Spider Form (dangerous; 12% risk of failure)
Confirm with . or Enter, or press ? or * to list all spells.
You miscast Call Canine Familiar.
You are very lightly contaminated with residual magic.
A fistful of eyes flickers past your view.
A nameless horror comes into view.
As you read the scroll of teleportation, it crumbles to dust.
You feel strangely unstable.
Your transformation has ended.
Your +2 hat unmelds from your body.
You feel sick.
The nameless horror attacks as you move away!
The nameless horror barely misses you.
You feel sick.
An orc wizard comes into view. It is wielding a +0 dagger.
You feel sick.
The two-headed ogre attacks as you move away!
The two-headed ogre closely misses you.
The two-headed ogre hits you with a +0 giant club!!
* * * LOW HITPOINT WARNING * * *
Your surroundings suddenly seem different.
A centaur comes into view.
Found two stone staircases leading up.
You die...

...# ...# ##### .
#..##.#.## .## .........
#..# #....... #...#
##.<.# #..c.###..#.## #
#####.......##....###
#...@...........#..†.
..<...............###.#)
...#.......<...#.. ###.
. #.............# #..
..........###.. ....
..........## ##. #....(
...#.......# #.....
..##........ ......
.......


You could see a centaur (wandering).

Vanquished Creatures
  Pikel (D:6)
  A water moccasin (D:6)
  2 ogres (D:5)
  A phantom (D:4)
  A lemure (D:6)
  Blork the orc (D:4)
  A bullfrog (D:3)
  The ghost of Gandelf the Magician, an amateur SpCj (D:3)
  A gnoll sergeant (D:5)
  An orc priest (D:3)
  Terence (D:2)
  2 iguanas
  3 orc wizards (D:3)
  Natasha (twice) (D:2)
  8 gnolls (D:5)
  4 adders (D:3)
  A river rat (D:3)
  An ufetubus (D:5)
  2 worms (D:4)
  4 orcs
  7 ball pythons
  3 endoplasms
  3 giant cockroaches
  6 goblins
  4 hobgoblins
  4 jackals (D:1)
  A quokka (D:1)
  6 bats
  7 kobolds
  4 rats
84 creatures vanquished.

Vanquished Creatures (collateral kills)
  An orc priest (D:3)
  An orc (D:3)
2 creatures vanquished.

Vanquished Creatures (others)
  An orc wizard (D:3)
  2 orcs (D:3)
  A ball python (D:3)
  A plant (D:4)
5 creatures vanquished.

Grand Total: 91 creatures vanquished

Notes
Turn   | Place    | Note
-------+----------+-------------------------------------------
     0 | D:1      | M4edhros the Octopode Artificer began the quest for the
                  | Orb.
     0 | D:1      | Reached XP level 1. HP: 13/13 MP: 1/1
    99 | D:1      | Reached XP level 2. HP: 17/18 MP: 2/2
   203 | D:1      | Reached skill level 3 in Dodging
   247 | D:2      | Noticed Natasha
   252 | D:2      | Killed Natasha
   253 | D:2      | Reached XP level 3. HP: 17/25 MP: 3/3
   300 | D:2      | Noticed Natasha
   301 | D:2      | Found a basalt altar of Yredelemnul.
   311 | D:2      | Killed Natasha
   312 | D:2      | Reached XP level 4. HP: 8/30 MP: 4/4
   316 | D:2      | Noticed Natasha
   440 | D:3      | Learned a level 3 spell: Spider Form
   458 | D:3      | Noticed a scorpion
   599 | D:3      | Reached skill level 1 in Unarmed Combat
   599 | D:3      | Reached skill level 1 in Transmutations
   599 | D:3      | Reached XP level 5. HP: 36/36 MP: 5/5
   643 | D:4      | Noticed a phantom
   650 | D:4      | Killed a phantom
   651 | D:4      | Reached skill level 4 in Dodging
   651 | D:4      | Reached XP level 6. HP: 37/42 MP: 6/6
   734 | D:4      | Found a staircase to the Ecumenical Temple.
   747 | Temple   | Entered the Ecumenical Temple
   766 | Temple   | Became a worshipper of Cheibriados the Contemplative
  1091 | D:2      | Noticed Terence
  1097 | D:2      | Killed Terence
  1435 | D:3      | Reached * piety under Cheibriados
  1462 | D:3      | Reached skill level 1 in Poison Magic
  1529 | D:3      | Found a runed translucent door.
  1530 | D:3      | Noticed Gandelf's ghost (amateur SpCj)
  1548 | D:3      | Reached XP level 7. HP: 24/46 MP: 1/7
  1564 | D:3      | Killed Gandelf's ghost
  1568 | D:3      | Found a runed translucent door.
  1685 | D:2      | Learned a level 3 spell: Call Canine Familiar
  1802 | D:4      | Noticed Blork the orc
  1838 | D:4      | Killed Blork the orc
  2130 | D:5      | Entered Level 5 of the Dungeon
  2146 | D:5      | Reached skill level 1 in Summonings
  2172 | D:5      | Reached skill level 1 in Spellcasting
  2307 | D:5      | Reached XP level 8. HP: 43/54 MP: 9/9
  2345 | D:5      | Reached ** piety under Cheibriados
  2361 | D:6      | Noticed Pikel
  2369 | D:6      | Killed Pikel
  2370 | D:6      | Reached skill level 5 in Dodging
  2373 | D:6      | Noticed a two-headed ogre
  2379 | D:6      | HP: 1/54 [two-headed ogre/+0 giant club (18)]
  2379 | D:6      | Succumbed to a water moccasin's poison

Illustrated notes

Levels and vault maps discovered:
D:1:      elethiomel_arrival_quiet, layout_basic
D:2:      layout_rooms, basic_altar, dreamdust_princess_bridge, uniq_natasha,
          uniq_terence
D:3:      layout_loops_ring, ebering_ghost_sewer_f, palyth_stone_intersect,
          grunt_decor_arrowhead
D:4:      layout_basic, minmay_temple_entry_gardened_gates, dk_noncrumbling_4,
          minmay_misc_feat_roman, uniq_blork_the_orc
D:5:      layout_basic, kennysheep_mini_moat
D:6:      layout_cave_pools, grunt_temple_overflow_opulence, uniq_pikel
Temple:   nicolae_temple_ecumenical_triangle

Skill      XL: |  1  2  3  4  5  6  7  8 |
---------------+-------------------------+-----
Fighting       | 2 3 4 |  4.3
Dodging        | 3 4 5 |  5.0
Unarmed Combat | 1 2 3 4 |  4.6
Transmutations | 1 2 3 4 |  4.4
Poison Magic   | 1 2 3 |  3.1
Summonings     | 1 2 |  2.9
Spellcasting   | 1 2 |  2.6
Stealth        | |  1.3
Evocations     | |  3.2

Action                     |  1- 3 |  4- 6 |  7- 9 || total
---------------------------+-------+-------+-------++-------
  Melee: Unarmed           |    63 |    89 |    89 ||   241
         Constrict         |    14 |    26 |    10 ||    50
         Tentacles         |    16 |    29 |     9 ||    54
         Punch             |     1 |     1 |     3 ||     5
   Cast: Spider Form       |       |     2 |     9 ||    11
  Evoke: Wand              |       |    18 |     1 ||    19
         Lightning rod     |       |       |     3 ||     3
    Use: Potion            |       |     1 |     2 ||     3
         Scroll            |       |     5 |     3 ||     8
   Stab: Sleeping          |     3 |     5 |     5 ||    13
         Distracted        |       |     1 |       ||     1
 Armour: Skin              |    18 |    12 |     5 ||    35
  Dodge: Dodged            |    60 |    76 |    72 ||   208

Table legend: (Time is in decaauts)
 A = Elapsed time spent in this place.
 B = Non-inter-level travel time spent in this place.
 C = Inter-level travel time spent in this place.
 D = Time resting spent in this place.
 E = Time spent auto-exploring this place.
 F = Levels seen in this place.
 G = Mean time per level.
                   A        B        C        D        E       F      G
               +--------+--------+--------+--------+--------+-----+--------+
         Total |   2843 |   2614 |    229 |    166 |    245 |   7 |  406.1 |
       Dungeon |   2807 |   2595 |    212 |    166 |    245 |   6 |  467.8 |
        Temple |     36 |     20 |     16 |      0 |      0 |   1 |   36.0 |
               +--------+--------+--------+--------+--------+-----+--------+

Top non-repeatable levels by time:
     D:3: 828 daAuts
     D:4: 651 daAuts
     D:1: 506 daAuts
     D:2: 503 daAuts
     D:5: 293 daAuts
  Temple: 36 daAuts
     D:6: 24 daAuts
